 Dungeon Crawl Stone Soup version 0.21-a0-496-g696f58f (webtiles) character file.

82 torrenera the Digger (level 4, -7/24 HPs)
             Began as a Gargoyle Earth Elementalist on Nov 23, 2017.
             Mangled by an orc
             ... wielding a +0 flail
              (10 damage)
             ... on level 3 of the Dungeon.
             The game lasted 00:05:07 (3174 turns).

torrenera the Digger (Gargoyle Earth Elementalist)  Turns: 3174, Time: 00:05:08

Health: -7/24      AC:  5    Str: 11    XL:     4   Next: 43%
Magic:  5/8        EV: 12    Int: 17    God:
Gold:   182        SH:  0    Dex: 10    Spells: 2/8 levels left

rFire    . . .     SeeInvis .   a - +0 dagger
rCold    . . .     Gourm    .   (no shield)
rNeg     + . .     Faith    .   c - +0 robe
rPois    ∞         Spirit   .   (no helmet)
rElec    +         Reflect  .   (no cloak)
rCorr    .         Harm     .   (no gloves)
MR       .....                  (no boots)
Stlth    ++........             (no amulet)
HPRegen  0.08/turn              (no ring)
MPRegen  0.11/turn              (no ring)

@: no status effects
A: negative energy resistance 1, electricity resistance, unbreathing,
petrification resistance, rot immunity, AC +3
a: no special abilities


You were on level 3 of the Dungeon.
You were not hungry.

You visited 1 branch of the dungeon, and saw 3 of its levels.

You collected 182 gold pieces.

Inventory:

Hand Weapons
 a - a +0 dagger (weapon)
 u - a +0 blowgun
Missiles
 b - 103 stones (quivered)
 l - 2 javelins
 v - 21 poisoned needles
Armour
 c - a +0 robe (worn)
Jewellery
 q - a +3 amulet of reflection {unknown}
Scrolls
 j - 3 scrolls of identify {unknown}
 m - a scroll of magic mapping {unknown}
 p - a scroll of amnesia {unknown}
 s - a scroll of teleportation {unknown}
Potions
 g - 4 potions of brilliance {unknown}
 h - a potion of curing {unknown}
 i - a potion of agility {unknown}
 n - a potion of heal wounds {unknown}
 r - 2 potions of might {unknown}
Books
 e - a book of Geomancy

   Spells                             Type                      Level
   a - Sandblast                      Earth                        1
   b - Passwall                       Transmutation/Earth          2
   c - Stone Arrow                    Conjuration/Earth            3
   d - Petrify                        Transmutation/Earth          4
   e - Lee's Rapid Deconstruction     Earth                        5
 t - a book of Maledictions

   Spells                             Type                      Level
   a - Corona                         Hexes                        1
   b - Ensorcelled Hibernation        Hexes/Ice                    2
   c - Confuse                        Hexes                        3
   d - Tukima's Dance                 Hexes                        3
   e - Dazzling Spray                 Conjuration/Hexes            3
Comestibles
 d - 2 bread rations
 f - 3 meat rations
 k - 2 royal jellies
 o - 6 fruits


   Skills:
 - Level 1.5 Dodging
 - Level 2.1 Stealth
 - Level 2.8 Spellcasting
 * Level 0.4 Conjurations
 - Level 0.7 Transmutations
 + Level 5.4 Earth Magic


You had 2 spell levels left.
You knew the following spells:

 Your Spells              Type           Power        Failure   Level  Hunger
a - Sandblast             Erth           ###...       1%          1    #......
b - Passwall              Tmut/Erth      ##........   8%          2    ##.....
c - Stone Arrow           Conj/Erth      ##....       16%         3    ###....


Dungeon Overview and Level Annotations

Branches:
Dungeon (3/15)

Altars:
Ru


Innate Abilities, Weirdness & Mutations

You are resistant to torment.
Your stone body is resilient. (AC +3)
You are immune to poison.
You resist negative energy. (rN+)
You are resistant to electric shocks. (rElec)
You can survive without breathing.
You are immune to petrification.
You are immune to rotting.


Message History

The blast of sand hits the orc.
The orc is lightly wounded.
b - 103 stones The orc hits you with a flail.
You hit the orc but do no damage.
The orc is lightly wounded.
The orc barely misses you.
You completely miss the orc.
The orc is lightly wounded.
The orc hits you with a flail!
You hit the orc but do no damage.
The orc is lightly wounded.
The orc closely misses you.
You barely miss the orc.
The orc is lightly wounded.
The orc hits you with a flail!
* * * LOW HITPOINT WARNING * * *
There is a stone staircase leading down here.
The orc hits you with a flail!
You die...

#.######)##
#...###########
#.......o.....#
#...#########.# ##o##
#.# #.# #o# #.# #.# #...
##o## #.# ...## ##@..##
#.# #...# ##.#.#.## #†#
.... #.#..##.# #.# ...
####...#.## #.# #.#
#.......## #.# #.###
#.###..## #.# #<..###
#.###.####### #)#
##.....# #.##........#
##.##
...#.#.#####.##..#####.#
##...###


You could see an orc wizard and an orc.

Vanquished Creatures
  Terence (D:2)
  2 adders
  2 worms
  2 leopard geckos (D:1)
  3 orcs (D:3)
  3 giant cockroaches
  2 goblins
  3 hobgoblins
  2 kobolds
  A ball python (D:2)
  8 bats
  3 rats
32 creatures vanquished.

Notes
Turn   | Place    | Note
-------+----------+-------------------------------------------
     0 | D:1      | torrenera the Gargoyle Earth Elementalist began the quest for the Orb.
     0 | D:1      | Reached XP level 1. HP: 10/10 MP: 3/3
   135 | D:1      | Reached skill level 4 in Earth Magic
   213 | D:1      | Reached XP level 2. HP: 2/15 MP: 3/5
  1332 | D:2      | Learned a level 2 spell: Passwall
  1949 | D:2      | Noticed Terence
  2013 | D:2      | Killed Terence
  2013 | D:2      | Reached XP level 3. HP: 6/19 MP: 0/6
  2283 | D:2      | Reached skill level 5 in Earth Magic
  2548 | D:2      | Reached XP level 4. HP: 19/24 MP: 8/8
  2729 | D:3      | Found a sacrificial altar of Ru.
  3034 | D:3      | Learned a level 3 spell: Stone Arrow
  3174 | D:3      | Mangled by an orc

Vault maps used:
D:1:      tarquinn_simple_flora_water_e, kennysheep_minor_cross
D:2:      uniq_terence
D:3:      hangedman_ru_absence, uniq_crazy_yiuf_cottage

Skill      XL: |  1  2  3 |
---------------+----------+-----
Earth Magic    | 4 5 |  5.4
Dodging        | |  1.5
Stealth        | |  2.1
Spellcasting   | |  2.8
Conjurations   | |  0.4
Transmutations | |  0.7

Action                   |  1- 3 |  4- 6 || total
-------------------------+-------+-------++-------
Melee: Dagger            |   105 |    47 ||   152
 Cast: Sandblast         |    23 |    11 ||    34
 Stab: Sleeping          |     3 |       ||     3
  Eat: Chunk             |     5 |     2 ||     7
Armor: Robe              |    48 |    18 ||    66
Dodge: Dodged            |   121 |    43 ||   164

Table legend:
 A = Spawn XP
 B = Non-spawn XP
 C = Spawn XP percentage of total XP
 D = Spawn monster count
 E = Non-spawn monster count
 F = Spawn count percentage of total count
 G = Total turns spent on level
                    A         B        C        D         E        F      G
               +---------+---------+-------+---------+---------+-------+---------
         Total |       0 |     118 |   0.0 |       0 |      32 |   0.0 |  3174
               +---------+---------+-------+---------+---------+-------+---------
           D:1 |       0 |      20 |   0.0 |       0 |      10 |   0.0 |  1176
           D:2 |       0 |      62 |   0.0 |       0 |      12 |   0.0 |  1545
           D:3 |       0 |      36 |   0.0 |       0 |      10 |   0.0 |   453
               +---------+---------+-------+---------+---------+-------+---------
